 Dungeon Crawl Stone Soup version 0.32-a0-961-gd60f5e5fc7 (webtiles) character file.

Game seed: 11653061372977740972

78 spaghetti the Ruffian (level 4, 0/42 HPs)
             Began as a Naga Chaos Knight on Apr 17, 2024.
             Was a Plaything of Xom.
             Succumbed to a water moccasin's poison
             ... on level 4 of the Dungeon.
             The game lasted 00:02:47 (1918 turns).

spaghetti the Ruffian (Naga Chaos Knight)           Turns: 1918, Time: 00:02:48

Health: 0/42       AC:  6    Str: 15    XL:     4   Next: 36%
Magic:  8/8        EV:  8    Int: 14    God:    Xom [...*..]
Gold:   99         SH:  0    Dex: 10    Spells: 8/8 levels left

rFire   + .          .
                       - Unarmed
rCold   + . .        (no shield)
rNeg    . . .        a - +2 leather armour
rPois   +            (no helmet)
rElec   +            (no cloak)
rCorr   +            h - +0 pair of gloves
SInv    +            (no barding)
Will    .....        (no amulet)
Stlth   +            (no ring)
HPRegen 0.27/turn    (no ring)
MPRegen 0.11/turn

%: no passive effects
@: mighty, lethally poisoned (0 -> -9), resistant, very slow
A: AC +1, large, see invisible, deformed body, poison resistance, slowness 2,
spit poison 1, naga tail 1, inability to drink after injury 1
a: Spit Poison, Renounce Religion


You were on level 4 of the Dungeon.
You worshipped Xom.
You were a favourite toy of Xom.
You visited 1 branch of the dungeon, and saw 4 of its levels.

You collected 99 gold pieces.

Inventory:

Armour
 a - a +2 leather armour (worn)
 h - a +0 pair of gloves (worn)
Wands
 j - a wand of mindburst (14)
 n - a wand of flame (15)
Scrolls
 b - a scroll of butterflies
 c - 2 scrolls of teleportation {unknown}
 d - a scroll of silence {unknown}
 f - a scroll of immolation {unknown}
 g - 3 scrolls of identify {unknown}
 i - 2 scrolls of amnesia {unknown}
Potions
 e - a potion of might
 k - a potion of mutation {unknown}
 l - a potion of resistance
 o - a potion of degeneration {unknown}


   Skills:
 - Level 3.2 Fighting
 - Level 1.8 Armour
 - Level 1.1 Dodging
 - Level 3.2 Unarmed Combat
 + Level 2.6 Spellcasting


You had 8 spell levels left.
You didn't know any spells.
Your spell library was empty.

Dungeon Overview and Level Annotations

Branches:
Dungeon (4/15)
 Temple: D:4-7

Altars:

Annotations:
D:3 1 runed translucent door, KEVIN's ghost, amateur MiFi
D:4 Ijyb


Innate Abilities, Weirdness & Mutations

Your serpentine skin is tough. (AC +1)
You have supernaturally acute eyesight. (SInv)
Armour fits poorly on your strangely shaped body.
Your system is resistant to poisons. (rPois)
You cover ground very slowly.
You can spit poison.
You have a snake-like lower body.
You occasionally lose the ability to drink potions when taking damage.


Message History

You are too confused!
You are too confused!
Unknown command.
Okay, then.
You bump into the rock wall.
Ijyb zaps a wand.
You resist with some effort. The water moccasin bites you.
Ijyb attacks as she pursues you! Ijyb hits you but does no damage.
The water moccasin bites you.
There is a stone staircase leading down here.
The water moccasin bites you. Ijyb hits you with a +0 club.
In your confused state, you trip and fall down the stairs.
You climb downwards.
You feel less confused.
You have got your breath back.
Found a rapier.
There is a stone staircase leading up here.
Unknown command.
Okay, then.
Ijyb looks more healthy.
The water moccasin bites you! The water moccasin bites you.
The water moccasin attacks as it pursues you!
The water moccasin bites you.
You are poisoned.
The water moccasin poisons you! The water moccasin barely misses you.
It was a potion of magic.
Magic courses through your body.
* * * LOW HITPOINT WARNING * * *
You feel very sick. The water moccasin bites you.
* * * LOW HITPOINT WARNING * * *
The water moccasin closely misses you.
It was a potion of resistance.
You feel protected.
* * * LOW HITPOINT WARNING * * *
You feel very sick. The water moccasin bites you.
* * * LOW HITPOINT WARNING * * *
It was a potion of might.
You feel very mighty all of a sudden.
You die...
Xom laughs nastily!

### #.. #.#
#.# #.#
..#####.####.#
..)....gS@...#
.#############


You could see a water moccasin and Ijyb.

Vanquished Creatures
  Jessica (D:3)
  A ribbon worm (D:2)
  7 ball pythons
  6 endoplasms
  4 giant cockroaches (D:2)
  5 goblins
  2 hobgoblins
  A jackal (D:3)
  4 kobolds
  2 quokkas
  5 bats
  4 frilled lizards (D:1)
  5 rats
47 creatures vanquished.

Notes
Turn   | Place    | Note
-------+----------+-------------------------------------------
     0 | D:1      | spaghetti the Naga Chaos Knight began the quest for the
                  | Orb.
     0 | D:1      | Reached XP level 1. HP: 21/21 MP: 1/1
    52 | D:1      | Reached skill level 1 in Dodging
    58 | D:1      | Reached XP level 2. HP: 21/28 MP: 2/2
   119 | D:1      | XOM: silly message
   232 | D:1      | XOM: silly message
   339 | D:1      | XOM: silly message
   374 | D:1      | XOM: silly message
   557 | D:1      | XOM: cloud trail
   586 | D:1      | Found a faded altar of an unknown god.
   643 | D:1      | Reached XP level 3. HP: 33/34 MP: 2/4
   656 | D:1      | XOM: silly message
   745 | D:1      | Reached skill level 1 in Spellcasting
   776 | D:2      | XOM: divination: detect creatures
   984 | D:2      | XOM: noise
  1032 | D:2      | XOM: 4-stop teleportation journey
  1039 | D:2      | XOM: silly message
  1291 | D:2      | XOM: polymorph adder -> giant cockroach
  1367 | D:2      | XOM is BORED!
  1751 | D:3      | Noticed Jessica
  1762 | D:3      | Killed Jessica
  1763 | D:3      | Reached XP level 4. HP: 17/42 MP: 5/7
  1766 | D:3      | XOM: give mutation
  1766 | D:3      | Gained mutation: You occasionally lose the ability to drink
                  | potions when taking damage. [Xom's mischief]
  1891 | D:3      | Found a runed translucent door.
  1892 | D:3      | Noticed KEVIN's ghost (amateur MiFi)
  1907 | D:3      | Noticed Ijyb
  1907 | D:3      | Noticed a water moccasin
  1917 | D:4      | HP: 1/42 [water moccasin (4)]
  1918 | D:4      | Succumbed to a water moccasin's poison

Illustrated notes

Levels and vault maps discovered:
D:1:      nicolae_arrival_memento_mori, layout_loops_cross,
          ebering_ecumenical_altar_webs, minmay_statues_item,
          nicolae_concentric_dashed_squares_mild
D:2:      layout_loops_corners
D:3:      layout_rooms, ebering_ghost_sewer_f, uniq_jessica, uniq_ijyb
D:4:      layout_loops_ring, minmay_temple_entry_enclosed_plants

Skill      XL: |  1  2  3 |
---------------+----------+-----
Dodging        | 1 |  1.1
Spellcasting   | 2 |  2.6
Fighting       | |  3.2
Armour         | |  1.8
Unarmed Combat | |  3.2

Action                     |  1- 3 |  4- 6 || total
---------------------------+-------+-------++-------
  Melee: Unarmed           |   117 |     9 ||   126
         Punch             |       |     2 ||     2
Ability: Spit Poison       |    24 |     3 ||    27
    Use: Potion            |     1 |     3 ||     4
   Stab: Invisible         |     1 |       ||     1
 Armour: Leather armour    |    71 |    13 ||    84
  Dodge: Dodged            |    55 |     8 ||    63

Table legend: (Time is in decaauts)
 A = Elapsed time spent in this place.
 B = Non-inter-level travel time spent in this place.
 C = Inter-level travel time spent in this place.
 D = Time resting spent in this place.
 E = Time spent auto-exploring this place.
 F = Levels seen in this place.
 G = Mean time per level.
                   A        B        C        D        E       F      G
               +--------+--------+--------+--------+--------+-----+--------+
         Total |   2487 |   2420 |     67 |    111 |   1956 |   4 |  621.8 |
       Dungeon |   2487 |   2420 |     67 |    111 |   1956 |   4 |  621.8 |
               +--------+--------+--------+--------+--------+-----+--------+

Top non-repeatable levels by time:
     D:2: 1318 daAuts
     D:1: 984 daAuts
     D:3: 179 daAuts
     D:4: 5 daAuts
